Map: King Sejong Station LE

Players

Nickname - Winner!

  • Race: Protoss Protoss
  • League: Gold

Nickos

  • Race: Terran Terran
  • League: Gold

VOD

Have the link to the VOD?

Description

Time

  • Played on: Oct. 3, 2016, 12:05 a.m.
  • Length: 15:12
Show
View Real Time Build Order
Export as new Build Order

Nickname Protoss - Winner!

Build Orders: 1 Gate Expand, Blink Stalkers 

Get SALT Encoding   

  12  0:01  Probe (Chrono Boost)  
  13  0:12  Probe (Chrono Boost)  
  14  0:22  Pylon  
  14  0:25  Probe (Chrono Boost)  
  15  0:40  Probe (Chrono Boost)  
  16  0:44  Gateway  
  16  0:51  Probe (Chrono Boost)  
  17  1:09  Nexus  
  18  1:24  Assimilator  
  17  1:25  Assimilator  
  17  1:39  Cybernetics Core  
  17  1:40  Probe (Chrono Boost)  
  18  1:47  Pylon  
  18  1:51  Probe (Chrono Boost)  
  20  2:01  Probe (Chrono Boost)  
  20  2:13  Probe (Chrono Boost)  
  21  2:17  Stalker  
  23  2:23  Warp Gate  
  23  2:27  Mothership Core (Chrono Boost)  
  23  2:29  Probe (Chrono Boost)  
  26  2:41  Probe (Chrono Boost)  
  27  2:46  Probe (Chrono Boost)  
  27  2:47  Twilight Council  
  28  2:54  Probe (Chrono Boost)  
  28  2:56  Probe (Chrono Boost)  
  30  3:00  Gateway  
  30  3:03  Gateway  
  30  3:08  Blink  
  30  3:10  Assimilator  
  30  3:14  Pylon  
  30  3:16  Probe (Chrono Boost)  
  31  3:26  Probe (Chrono Boost)  
  32  3:35  Stalker  
  32  3:38  Probe (Chrono Boost)  
  32  3:39  Probe (Chrono Boost)  
  36  3:47  Stalker  
  38  3:51  Stalker  
  38  3:54  Probe (Chrono Boost)  
  42  3:56  Probe (Chrono Boost)  
  42  4:05  Probe (Chrono Boost)  
  42  4:08  Probe (Chrono Boost)  
  44  4:20  Nexus  
  44  4:26  Pylon  
  44  4:37  Probe (Chrono Boost)  
  44  4:38  Probe (Chrono Boost), Pylon  
  45  4:43  Pylon  
  45  4:44  Stalker  
  47  4:50  Stalker  
  49  4:53  Probe (Chrono Boost)  
  49  4:55  Probe (Chrono Boost)  
  51  5:02  Robotics Facility  
  51  5:07  Resonating Glaives  
  51  5:08  Pylon  
  51  5:09  Probe (Chrono Boost)  
  51  5:10  Probe (Chrono Boost)  
  53  5:19  Probe (Chrono Boost)  
  54  5:37  Probe x2 (Chrono Boost)  
  54  5:38  Probe (Chrono Boost)  
  57  5:43  Stalker x3, Forge  
  57  5:47  Probe (Chrono Boost), Observer  
  57  5:48  Probe (Chrono Boost)  
  66  6:00  Forge  
  66  6:03  Probe x2 (Chrono Boost)  
  69  6:04  Probe (Chrono Boost)  
  69  6:05  Observer  
  69  6:08  Gateway  
  69  6:10  Gateway  
  70  6:16  Assimilator  
  70  6:17  Stalker  
  70  6:18  Stalker x2  
  74  6:24  Probe x2 (Chrono Boost)  
  79  6:25  Probe (Chrono Boost)  
  79  6:26  Observer  
  79  6:28  Pylon  
  80  6:35  Protoss Ground Weapons Level 1, Protoss Ground Armor Level 1  
  80  6:43  Probe x2 (Chrono Boost), Pylon  
  80  6:44  Probe (Chrono Boost)  
  80  6:45  Observer  
  83  7:04  Observer  
  84  7:08  Robotics Bay  
  84  7:11  Probe x2 (Chrono Boost)  
  84  7:12  Probe (Chrono Boost)  
  87  7:17  Gateway, Adept x2  
  87  7:18  Gateway, Adept  
  87  7:21  Probe x2 (Chrono Boost)  
  95  7:24  Robotics Facility  
  95  7:26  Probe (Chrono Boost)  
  95  7:27  Adept x2  
  100  7:31  Observer  
  100  7:32  Probe x2 (Chrono Boost)  
  104  7:38  Probe (Chrono Boost)  
  104  7:43  Probe x2 (Chrono Boost)  
  106  7:45  Assimilator  
  106  7:47  Assimilator  
  106  7:49  Observer  
  106  7:51  Probe (Chrono Boost)  
  107  7:56  Extended Thermal Lance  
  108  8:09  Stalker x2  
  108  8:10  Stalker x2  
  116  8:22  Pylon  
  116  8:23  Pylon  
  116  8:33  Colossus  
  116  8:37  Protoss Ground Weapons Level 2  
  116  8:40  Nexus  
  116  8:41  Colossus  
  122  8:42  Pylon  
  122  8:44  Pylon  
  122  8:47  Assimilator  
  128  8:52  Probe (Chrono Boost), Assimilator  
  128  8:53  Probe (Chrono Boost)  
  130  9:05  Probe (Chrono Boost)  
  131  9:24  Protoss Ground Armor Level 2  
  131  9:25  Colossus  
  131  9:26  Probe x2 (Chrono Boost)  
  131  9:28  Probe (Chrono Boost), Colossus  
  146  9:44  Adept  
  148  10:04  Adept x4  
  148  10:05  Adept x2  
  160  10:19  Colossus  
  155  10:24  Colossus  
  147  10:35  Stalker x5  
  127  10:36  Stalker x2  
  125  10:46  Probe x3 (Chrono Boost)  
  125  10:47  Probe (Chrono Boost)  
  125  10:49  Assimilator  
  125  10:57  Probe (Chrono Boost), Templar Archives  
  126  10:58  Protoss Ground Weapons Level 3, Pylon  
  126  11:00  Probe (Chrono Boost)  
  126  11:02  Pylon  
  126  11:03  Gateway  
  127  11:04  Gateway  
  127  11:06  Gateway  
  127  11:09  Gateway  
  127  11:12  Gateway, Adept x4  
  127  11:13  Adept x3  
  127  11:14  Gateway  
  127  11:15  Gateway  
  127  11:17  Gateway  
  141  11:23  Gateway  
  141  11:31  Nexus  
  141  11:33  Pylon  
  141  11:35  Pylon  
  141  11:38  Adept  
  141  11:39  Adept x2  
  126  12:19  Nexus  
  126  12:21  Pylon  
  126  12:23  Pylon  
  126  12:34  Protoss Ground Armor Level 3  
  127  12:38  Probe (Chrono Boost)  
  127  12:41  Pylon  
  127  12:42  Psionic Storm  
  127  12:50  High Templar x7  
  143  12:52  Mothership Core (Chrono Boost)  
  143  12:55  Stalker x2  
  143  12:56  Stalker x4  
  143  12:57  Stalker x3  
  161  13:02  Charge  
  161  13:08  Observer x2  
  163  13:20  Stalker x5  
  163  13:21  Stalker x3  
  179  13:27  Pylon  
  179  13:32  Adept x6  
  179  13:33  Adept  
  193  13:46  Assimilator  
  193  13:48  Pylon  
  193  13:49  Zealot x3  
  199  13:57  Stargate  
  199  14:02  Stargate  
  176  14:26  Adept x4  
  176  14:27  Adept x2  
  188  14:35  Mothership Core (Chrono Boost)  
  190  14:43  Zealot x5  
Show
View Real Time Build Order
Export as new Build Order

Nickos Terran 

Build Orders: MMM Bio 

Get SALT Encoding   

  12  0:00  SCV  
  13  0:13  SCV  
  14  0:17  Supply Depot  
  14  0:25  SCV  
  15  0:38  SCV  
  15  0:39  Barracks  
  16  0:51  SCV  
  17  1:03  SCV  
  18  1:15  SCV  
  19  1:20  Command Center  
  19  1:30  Orbital Command  
  19  1:35  Marine  
  20  1:43  Supply Depot  
  20  1:53  Marine  
  21  1:59  SCV  
  22  2:03  Barracks  
  22  2:11  SCV  
  22  2:12  Marine  
  24  2:15  Barracks  
  24  2:20  Refinery  
  24  2:22  Refinery  
  24  2:30  Marine  
  24  2:33  Orbital Command  
  24  2:36  SCV  
  26  2:48  SCV  
  26  2:50  Marine x2  
  29  3:00  SCV x2  
  31  3:07  Barracks Tech Lab  
  31  3:20  SCV x2, Factory  
  33  3:28  Supply Depot  
  33  3:29  Marine x2, Stimpack  
  33  3:30  Marine  
  36  3:34  SCV  
  36  3:35  SCV  
  38  3:46  SCV  
  40  3:51  SCV  
  40  3:54  Barracks Reactor  
  40  3:59  SCV  
  40  4:00  Barracks Reactor  
  41  4:03  SCV  
  41  4:06  Starport  
  41  4:09  Supply Depot  
  42  4:11  SCV  
  42  4:14  Factory Reactor, Marine  
  44  4:21  Engineering Bay  
  44  4:22  Engineering Bay  
  44  4:25  SCV x2  
  44  4:31  Marine x3  
  48  4:34  Supply Depot  
  48  4:37  SCV x2  
  51  4:45  Marine x2  
  52  4:46  Command Center  
  52  4:49  SCV  
  54  4:54  SCV  
  54  4:55  Terran Infantry Weapons Level 1  
  54  4:56  Terran Infantry Armor Level 1  
  54  4:59  Supply Depot, Marine  
  56  5:09  Refinery, Marine x4  
  56  5:10  Medivac  
  62  5:23  Missile Turret  
  62  5:25  Missile Turret  
  58  5:38  SCV  
  58  5:39  Marine x3, SCV  
  58  5:40  Bunker, Marine  
  58  5:41  Medivac, Marauder  
  68  5:51  Missile Turret  
  68  5:57  Marine  
  68  6:00  Combat Shields  
  68  6:02  Barracks, Marine  
  68  6:03  Marine  
  68  6:04  Barracks  
  71  6:05  SCV  
  71  6:07  SCV  
  73  6:17  Medivac, SCV, Marauder  
  78  6:23  Supply Depot  
  78  6:25  Supply Depot  
  78  6:26  Marine  
  78  6:28  Marine  
  80  6:37  SCV x2  
  82  6:41  Sensor Tower  
  82  6:42  Orbital Command  
  82  6:43  Marine  
  82  6:46  Marine  
  84  6:49  Medivac  
  84  6:53  Medivac  
  88  6:56  Barracks Tech Lab x2  
  87  7:09  Marine x3  
  87  7:10  Marine  
  87  7:11  Marauder  
  93  7:16  Marauder x2  
  93  7:19  Concussive Shells  
  97  7:23  Supply Depot  
  97  7:28  SCV  
  97  7:29  SCV  
  99  7:31  Missile Turret  
  99  7:32  Marauder  
  99  7:36  Armory, SCV  
  102  7:39  Marine  
  102  7:40  SCV  
  102  7:41  Marine  
  102  7:42  Marine  
  106  7:53  Orbital Command  
  106  7:57  Marauder x3  
  112  7:59  Medivac  
  112  8:02  Marine  
  112  8:03  Marine  
  112  8:04  SCV  
  117  8:06  SCV  
  118  8:14  Refinery  
  118  8:16  SCV  
  118  8:18  Marauder  
  122  8:20  SCV x2  
  122  8:25  Terran Infantry Weapons Level 2  
  123  8:28  SCV  
  123  8:32  SCV x2  
  126  8:35  Marauder x2  
  130  8:45  Terran Infantry Armor Level 2  
  130  8:47  Supply Depot  
  130  8:49  Supply Depot  
  130  8:51  Marine  
  130  8:52  Marine  
  130  8:53  Barracks, Marine  
  133  9:08  Marauder x2, SCV x2  
  139  9:11  SCV  
  139  9:12  Marine x3  
  139  9:13  Sensor Tower  
  143  9:20  SCV  
  143  9:24  Marine x2  
  142  9:25  Medivac  
  142  9:29  Marine  
  147  9:35  Marine x2  
  149  9:41  Marine  
  149  9:42  Marauder x2  
  154  9:47  Marine x2  
  154  9:48  Marauder  
  158  9:54  Supply Depot x2  
  158  9:55  Supply Depot, SCV x3  
  161  10:03  Marauder  
  161  10:04  Marauder  
  165  10:12  Command Center  
  165  10:15  SCV  
  165  10:16  Marine x3  
  165  10:17  Marine x2  
  165  10:18  Marauder  
  173  10:24  Marauder  
  173  10:25  Marauder  
  154  10:30  Medivac  
  154  10:34  Marine x4  
  154  10:35  Marine  
  139  10:39  Marauder  
  139  10:40  Medivac  
  128  10:46  Marauder  
  128  10:47  Marauder  
  128  10:48  SCV x2  
  128  10:49  SCV  
  131  10:52  Barracks, Supply Depot, Marine x3  
  134  11:00  SCV  
  134  11:03  Marine, Marauder  
  138  11:06  Barracks Reactor  
  138  11:07  Marauder  
  138  11:08  Marauder  
  142  11:14  Refinery  
  142  11:15  Refinery  
  142  11:19  Marine x2  
  142  11:21  Marine  
  142  11:23  Medivac  
  142  11:24  Marauder  
  149  11:28  Marauder  
  149  11:29  Marauder  
  149  11:30  Marine  
  149  11:31  Sensor Tower  
  154  11:37  Marine  
  155  11:40  Marine x2  
  155  11:43  Marine  
  155  11:45  Marauder  
  160  11:50  Marauder  
  160  11:51  Marauder  
  130  11:54  Marine x2  
  130  11:55  Marine  
  123  12:06  Marine x2  
  123  12:07  Barracks Tech Lab, Marauder  
  125  12:11  Marauder, Marine  
  125  12:12  Marauder, Marine x2  
  125  12:18  Viking  
  125  12:19  Viking  
  127  12:24  Marine x3  
  127  12:28  Marine, Marauder  
  133  12:30  Marine x2  
  133  12:32  Factory  
  133  12:33  Starport, Marauder x2  
  139  12:39  Starport  
  139  12:42  Marine x2  
  141  12:46  Marine x2  
  141  12:47  Marine  
  141  12:48  Marine  
  141  12:50  Marauder  
  147  12:54  Marauder  
  147  12:55  Marauder  
  147  12:56  Planetary Fortress  
  151  13:00  Marine x2  
  151  13:03  Marine  
  151  13:04  Viking, Marine  
  157  13:20  Marine x2  
  157  13:21  Marine x2  
  157  13:26  Marine x2  
  165  13:27  Marauder x3  
  169  13:39  Viking x2  
  175  13:48  Marauder  
  175  13:49  Marauder x2  
  175  13:54  Marine x4  
  175  13:55  Marine  
  138  14:26  Marine  
  138  14:27  Marine x4  
  138  14:28  Marauder x3  
  145  14:32  Factory Tech Lab  
  145  14:33  Factory Tech Lab  
  145  14:34  Viking  
  145  14:35  Viking x3  
  145  14:38  Refinery  
  153  14:49  Marauder  
  153  14:50  Marauder x2  
  155  14:56  Command Center  
Tags
 
Add a new tag
Caveats
  • Supply blocks, unpowered buildings, or Contaminate may cause inaccurate times.
  • Supply counts are checked every 10 seconds.